 Dungeon Crawl Stone Soup version 0.32-a0-643-ga006e7742e (webtiles) character file.

Game seed: 11617729586216157613

9 CougarLife the Digger (level 2, 15/15 HPs)
             Began as a Gargoyle Earth Elementalist on Mar 7, 2024.
             Was a Follower of Kikubaaqudgha.
             Quit the game on level 1 of the Dungeon.
             The game lasted 00:00:24 (233 turns).

CougarLife the Digger (Gargoyle Earth Elementalist)  Turns: 233, Time: 00:00:25

Health: 15/15      AC:  4    Str: 11    XL:     2   Next: 16%
Magic:  5/5        EV: 11    Int: 15    God:    Kikubaaqudgha [*.....]
Gold:   0          SH:  0    Dex: 10    Spells: 4/5 levels left

rFire   . . .        c - +0 dagger
rCold   . . .        (no shield)
rNeg    + . .        a - +0 robe
rPois   ∞            (no helmet)
rElec   +            (no cloak)
rCorr   .            (no gloves)
SInv    .            (no boots)
Will    .....        (no amulet)
Stlth   ++           (no ring)
HPRegen 0.22/turn    (no ring)
MPRegen 0.09/turn

%: no passive effects
@: no status effects
A: sickness immunity, AC +2, negative energy resistance 1, electricity
resistance, torment resistance 1, petrification resistance
a: Renounce Religion, Unearth Wretches


You were on level 1 of the Dungeon.
You worshipped Kikubaaqudgha.
Kikubaaqudgha was aware of your devotion.
You visited 1 branch of the dungeon, and saw 1 of its levels.

Inventory:

Hand Weapons
 c - a +0 dagger (weapon)
Armour
 a - a +0 robe (worn)
Scrolls
 d - a scroll of revelation {unknown}
Potions
 b - a potion of magic


   Skills:
 - Level 1.5 Dodging
 - Level 2.1 Stealth
 + Level 2.2 Spellcasting
 + Level 1.6 Conjurations
 + Level 3.9 Earth Magic


You had 4 spell levels left.
You knew the following spells:

 Your Spells              Type           Power      Damage    Failure   Level
a - Sandblast             Erth           26%        2d8       4%          1

Your spell library contained the following spells:

 Spells                   Type           Power      Damage    Failure   Level
 Passwall                 Erth           13%        N/A       13%         3
 Kiss of Death            Conj/Necr      16%        2d6       16%         1
 Necrotise                Necr           4%         1d4       22%         1
 Stone Arrow              Conj/Erth      18%        3d8       22%         3
 Vampiric Draining        Necr           1%         2d6       54%         3
 Brom's Barrelling Bould  Conj/Erth      9%         2d3       56%         4
 Petrify                  Alch/Erth      7%         N/A       67%         4
 Animate Dead             Necr           1%         N/A       91%         4


Dungeon Overview and Level Annotations

Branches:
Dungeon (1/15)

Altars:
Kikubaaqudgha


Innate Abilities, Weirdness & Mutations

You are immune to sickness and miasma.
Your stone body is resilient. (AC +2)
You are immune to poison.
You resist negative energy. (rN+)
You are resistant to electric shocks. (rElec)
You are resistant to unholy torment.
You are immune to petrification.


Message History

You have reached level 2!
You can't see any susceptible monsters within range! (Use Z to cast anyway.)
A goblin is nearby!
The blast of sand hits the goblin!
You kill the goblin!
No target in view!
Found a mace.
Found a faded altar of an unknown god.
You can't see any susceptible monsters within range! (Use Z to cast anyway.) No target in view!
There is a faded altar of an unknown god here.
You see here a -1 mace.
You open the door.
Found a spear.
There is an open door here.
You can't see any susceptible monsters within range! (Use Z to cast anyway.) No target in view!
Found 8 stones.
You can't see any susceptible monsters within range! (Use Z to cast anyway.) No target in view!
Found a stone staircase leading down.
You see here a +0 spear.
You can't see any susceptible monsters within range! (Use Z to cast anyway.) No target in view!
There is a stone staircase leading down here.
You see here 8 stones.
d - a scroll labelled VESARU OCSUUNA You see here 8 stones.
You see here a +0 spear.
There is an open door here.
There is a faded altar of an unknown god here.
You see here a -1 mace.
This altar belongs to (a) Kikubaaqudgha, (b) Vehumet or (c) Ignis, but you can't tell which.
Press the corresponding letter to learn more about a god, or press enter to convert or escape to cancel.
Kikubaaqudgha accepts your prayer! Kikubaaqudgha welcomes you!
You can now bring forth the wretched and dying.
Kikubaaqudgha grants you a gift!
You add the spells Kiss of Death, Necrotise, Vampiric Draining and Animate Dead to your library.
Unknown command.
Press < or > to pray at altars.
Are you sure you want to abandon this character and quit the game? (Confirm with "yes".)

#.# #...# #.#
#.#......
##'####.##.....
#....##.# #....
#....##.# ....
##....##.# ###
#.....##.#
#.##...#.#
##@#...#.#
#.....#.#
#.....#..
#.....###
########........
.........#######
.........#
.........#
.........#


There were no monsters in sight!

Vanquished Creatures
  A dart slug (D:1)
  An endoplasm (D:1)
  2 goblins (D:1)
  A hobgoblin (D:1)
  A bat (D:1)
  A kobold (D:1)
7 creatures vanquished.

Notes
Turn   | Place    | Note
-------+----------+-------------------------------------------
     0 | D:1      | CougarLife the Gargoyle Earth Elementalist began the quest
                  | for the Orb.
     0 | D:1      | Reached XP level 1. HP: 10/10 MP: 3/3
   132 | D:1      | Reached XP level 2. HP: 15/15 MP: 3/5
   169 | D:1      | Found a faded altar of an unknown god.
   232 | D:1      | Prayed at the altar of an unknown god.
   232 | D:1      | Became a worshipper of Kikubaaqudgha
   232 | D:1      | Reached * piety under Kikubaaqudgha
   232 | D:1      | Received a gift from Kikubaaqudgha
   233 | D:1      | Quit the game

Illustrated notes

Levels and vault maps discovered:
D:1:      evilmike_arrival_crescent, layout_basic, ebering_ecumenical_altar_rust

Action                     || total
---------------------------++-------
  Melee: Unarmed           ||    12
   Cast: Sandblast         ||     7
 Armour: Robe              ||     5
  Dodge: Dodged            ||    12

Table legend: (Time is in decaauts)
 A = Elapsed time spent in this place.
 B = Non-inter-level travel time spent in this place.
 C = Inter-level travel time spent in this place.
 D = Time resting spent in this place.
 E = Time spent auto-exploring this place.
 F = Levels seen in this place.
 G = Mean time per level.
                   A        B        C        D        E       F      G
               +--------+--------+--------+--------+--------+-----+--------+
         Total |    236 |    212 |     24 |      0 |    168 |   1 |  236.0 |
       Dungeon |    236 |    212 |     24 |      0 |    168 |   1 |  236.0 |
               +--------+--------+--------+--------+--------+-----+--------+

Top non-repeatable levels by time:
     D:1: 236 daAuts
